Map: Ruins of Endion

Players

flyingdede

  • Race: Zerg Zerg
  • League: Master

Miszu - Winner!

  • Race: Protoss Protoss
  • League: Master

VOD

Have the link to the VOD?

Description

Time

  • Played on: June 20, 2016, 12:25 p.m.
  • Length: 19:53
Show
View Real Time Build Order
Export as new Build Order

flyingdede Zerg 

Build Orders: Hatch First 

Get SALT Encoding   

  12  0:01  Drone  
  13  0:08  Drone  
  14  0:18  Overlord  
  14  0:25  Extractor, Drone  
  15  0:37  Drone x2  
  17  0:56  Hatchery  
  16  1:09  Spawning Pool  
  15  1:12  Drone  
  17  1:26  Hatchery  
  16  1:34  Drone x3  
  19  1:43  Extractor  
  18  1:48  Extractor, Drone  
  18  1:56  Zergling x2  
  18  1:57  Queen  
  21  2:08  Overlord  
  21  2:18  Drone  
  22  2:30  Drone  
  23  2:38  Queen  
  23  2:39  Drone x2  
  27  2:46  Hatchery  
  26  2:52  Metabolic Boost  
  26  2:58  Drone x2  
  28  3:00  Zergling x2  
  29  3:14  Queen  
  31  3:26  Drone x5  
  33  3:40  Overlord, Drone x2  
  35  3:51  Overlord  
  35  4:02  Queen  
  35  4:05  Zergling x2  
  35  4:06  Zergling x4, Drone  
  35  4:07  Drone x4  
  45  4:15  Drone x2  
  47  4:18  Drone  
  48  4:25  Drone  
  48  4:26  Drone  
  48  4:27  Baneling Nest  
  49  4:32  Drone x3  
  49  4:33  Drone x2  
  49  4:37  Spore Crawler  
  53  4:45  Zergling x8  
  57  4:46  Overlord x2  
  57  4:56  Zergling x2  
  55  5:08  Zergling x2  
  55  5:09  Zergling x16  
  63  5:16  Drone  
  63  5:20  Zergling x6  
  63  5:21  Zergling x2  
  68  5:24  Extractor, Drone x2  
  68  5:28  Evolution Chamber  
  68  5:38  Pneumatized Carapace  
  68  5:40  Drone x3  
  71  5:43  Drone  
  71  5:44  Extractor  
  71  5:45  Extractor  
  71  5:47  Overlord x2  
  70  5:52  Baneling x5  
  70  5:53  Baneling  
  70  5:56  Drone  
  70  5:57  Drone x3  
  74  6:07  Drone x5  
  74  6:08  Zergling x6  
  74  6:11  Zerg Melee Weapons Level 1  
  82  6:16  Spore Crawler  
  81  6:27  Drone  
  81  6:30  Overlord x3  
  81  6:31  Overlord x2  
  82  6:33  Spore Crawler  
  81  6:45  Spore Crawler  
  80  6:49  Zergling x20  
  80  6:50  Zergling x4  
  92  7:04  Zergling x2  
  92  7:05  Lair  
  92  7:06  Drone x4  
  90  7:29  Zergling x2  
  93  7:30  Zergling x6  
  83  7:53  Zergling x4  
  83  7:54  Zergling x30  
  98  8:12  Hydralisk Den, Queen  
  93  8:20  Queen  
  93  8:21  Drone x2  
  97  8:28  Hatchery  
  97  8:31  Centrifical Hooks  
  95  8:54  Baneling x2  
  95  8:55  Baneling x23  
  94  9:01  Overlord x7  
  94  9:02  Overlord  
  90  9:04  Muscular Augments  
  84  9:39  Drone  
  84  9:40  Drone x11  
  84  9:41  Queen  
  84  9:45  Hydralisk  
  98  9:46  Hydralisk x7  
  110  10:00  Hydralisk x6  
  107  10:21  Hydralisk x6  
  99  10:22  Hydralisk x2  
  99  10:24  Spore Crawler  
  99  10:25  Extractor  
  99  10:27  Extractor, Zergling x12  
  118  10:30  Extractor  
  118  10:31  Extractor  
  118  10:34  Drone x4  
  117  10:44  Zergling x4  
  119  10:50  Baneling x4  
  119  10:51  Baneling x6  
  119  10:55  Drone x7  
  124  11:08  Baneling x3  
  124  11:09  Baneling  
  124  11:11  Zergling x20  
  125  11:12  Zergling x2  
  121  11:36  Zergling x16  
  121  11:37  Zergling x8, Baneling  
  121  11:38  Baneling x17  
  121  11:39  Baneling  
  123  11:46  Zergling x4  
  123  11:47  Zergling x2  
  75  12:10  Hydralisk x3, Hatchery  
  77  12:15  Drone x2  
  77  12:16  Drone x2  
  77  12:20  Drone x2  
  77  12:21  Drone x2  
  77  12:22  Drone x2  
  86  12:42  Zergling x12  
  92  12:45  Drone  
  92  12:47  Queen  
  92  12:48  Queen  
  95  13:24  Spore Crawler  
  95  13:25  Spore Crawler x2  
  92  13:28  Drone x3  
  92  13:30  Drone x4  
  99  13:34  Lurker Den  
  99  13:36  Hydralisk x5  
  85  14:46  Hydralisk x5  
  85  14:47  Hydralisk x4  
  99  15:01  Lurker x3  
  99  15:02  Lurker x11  
  108  15:15  Hatchery  
  106  15:23  Hydralisk x7  
  106  15:24  Hydralisk x2  
  123  15:54  Zergling x26  
  130  16:08  Queen  
  130  16:22  Drone x7  
  130  16:37  Drone x5  
  135  16:59  Spore Crawler  
  134  17:06  Infestation Pit  
  122  17:21  Hydralisk  
  122  17:22  Hydralisk x6  
  132  17:24  Drone x5  
  141  17:53  Drone x4  
  145  17:59  Infestor x2  
  145  18:00  Infestor  
  145  18:01  Overlord  
  145  18:02  Overlord x3  
  144  18:14  Spire  
Show
View Real Time Build Order
Export as new Build Order

Miszu Protoss - Winner!

Build Orders: 1 Gate Expand 

Get SALT Encoding   

  12  0:00  Probe (Chrono Boost)  
  13  0:11  Probe (Chrono Boost)  
  14  0:22  Pylon, Probe (Chrono Boost)  
  15  0:40  Gateway, Probe (Chrono Boost)  
  16  0:46  Assimilator  
  16  0:56  Probe (Chrono Boost)  
  17  1:07  Probe (Chrono Boost)  
  18  1:19  Pylon, Probe (Chrono Boost)  
  19  1:28  Nexus  
  19  1:41  Cybernetics Core  
  19  1:42  Probe (Chrono Boost)  
  20  1:52  Zealot (Chrono Boost)  
  22  1:57  Pylon  
  22  2:08  Pylon  
  22  2:09  Probe (Chrono Boost)  
  23  2:18  Warp Gate (Chrono Boost)  
  23  2:19  Adept (Chrono Boost)  
  25  2:25  Probe  
  25  2:29  Assimilator  
  26  2:37  Probe  
  26  2:39  Mothership Core  
  26  2:42  Adept (Chrono Boost)  
  31  2:49  Probe  
  32  2:59  Probe  
  32  3:01  Probe  
  32  3:02  Adept  
  36  3:25  Probe  
  35  3:29  Gateway  
  35  3:31  Gateway  
  35  3:41  Probe x2  
  37  3:53  Probe x2  
  39  4:05  Probe x2  
  39  4:09  Pylon  
  41  4:14  Adept  
  43  4:17  Probe x2  
  45  4:28  Adept x2  
  45  4:29  Probe x2  
  51  4:41  Probe  
  51  4:42  Probe  
  53  4:52  Stargate  
  53  4:53  Probe  
  53  4:54  Stargate  
  53  4:56  Pylon x2  
  53  4:57  Nexus  
  53  4:59  Pylon  
  54  5:06  Probe x2  
  54  5:17  Adept, Assimilator  
  54  5:18  Adept x2, Assimilator, Probe x2  
  62  5:30  Probe x2  
  62  5:31  Pylon  
  64  5:38  Phoenix (Chrono Boost)  
  64  5:39  Phoenix (Chrono Boost)  
  64  5:42  Probe x2  
  70  5:51  Adept  
  70  5:52  Adept x2  
  70  5:54  Probe x2  
  78  6:01  Pylon  
  78  6:04  Phoenix (Chrono Boost)  
  78  6:05  Pylon  
  78  6:06  Phoenix (Chrono Boost), Probe  
  83  6:14  Probe  
  83  6:15  Probe  
  85  6:18  Probe  
  85  6:25  Probe  
  86  6:27  Probe  
  86  6:30  Probe, Phoenix x2 (Chrono Boost)  
  93  6:35  Probe  
  93  6:39  Probe  
  96  6:51  Robotics Facility  
  96  6:52  Robotics Facility  
  96  6:55  Phoenix x2 (Chrono Boost)  
  96  6:57  Sentry  
  101  7:02  Assimilator  
  101  7:05  Probe x2  
  101  7:06  Assimilator  
  103  7:20  Pylon x2  
  103  7:22  Pylon x2  
  103  7:25  Forge, Twilight Council  
  103  7:37  Pylon  
  103  7:47  Phoenix x2 (Chrono Boost)  
  107  7:52  Immortal x2  
  107  7:54  Sentry x2  
  119  8:00  Photon Cannon  
  119  8:02  Photon Cannon  
  119  8:04  Photon Cannon  
  119  8:07  Photon Cannon  
  119  8:09  Photon Cannon  
  119  8:22  Zealot x3  
  125  8:29  Gateway x2  
  125  8:32  Gateway  
  120  8:54  Adept x3  
  126  9:09  Resonating Glaives  
  126  9:10  Protoss Ground Weapons Level 1  
  126  9:12  Warp Prism  
  126  9:13  Observer  
  126  9:16  Pylon  
  129  9:19  Pylon  
  129  9:22  Photon Cannon  
  129  9:28  Adept x3  
  135  9:34  Photon Cannon  
  135  9:35  Photon Cannon  
  135  9:39  Pylon  
  135  9:41  Pylon  
  135  9:45  Templar Archives  
  135  9:55  Photon Cannon  
  135  9:56  Immortal x2  
  143  10:12  Probe  
  143  10:13  Adept x3  
  143  10:14  Adept  
  121  10:27  Probe x2  
  121  10:28  Probe  
  123  10:37  Probe  
  123  10:39  Probe  
  123  10:40  Probe  
  123  10:42  Sentry x4  
  132  10:43  Sentry  
  132  10:46  Sentry  
  132  10:48  Probe  
  139  10:51  Probe  
  139  10:52  Probe  
  141  10:58  Probe  
  141  11:03  Probe  
  143  11:05  Probe  
  143  11:09  Probe  
  145  11:21  Adept x4  
  143  11:37  Adept x2  
  119  12:09  Adept x5  
  119  12:10  Adept  
  119  12:13  Psionic Storm  
  123  12:29  High Templar  
  125  12:30  High Templar x3  
  125  12:36  Photon Cannon, Probe  
  131  12:37  Photon Cannon, Probe x2  
  131  12:43  Warp Prism  
  131  12:44  Warp Prism  
  134  12:46  Probe  
  134  12:49  Probe x2  
  134  12:50  High Templar  
  141  12:53  Protoss Ground Weapons Level 2 (Chrono Boost)  
  141  12:57  Probe  
  141  12:58  High Templar  
  141  13:01  Probe x2  
  141  13:05  Gateway  
  146  13:07  Gateway  
  146  13:08  Pylon  
  146  13:11  Sentry, Pylon  
  146  13:15  High Templar  
  148  13:42  Adept x3  
  148  13:43  Adept  
  148  13:45  Adept  
  148  13:47  Nexus  
  154  14:03  High Templar x3  
  154  14:04  High Templar  
  136  14:33  Zealot  
  136  14:34  Zealot  
  136  14:36  Zealot x4  
  148  14:59  Adept x4  
  156  15:13  High Templar, Zealot  
  152  15:33  Protoss Ground Weapons Level 3 (Chrono Boost)  
  146  15:38  Stargate  
  146  15:39  Fleet Beacon  
  146  15:42  Zealot x2  
  148  15:43  Adept x2  
  152  15:52  Nexus  
  144  16:00  Immortal x2  
  144  16:02  Charge  
  148  16:05  Adept x3  
  152  16:24  Tempest x2 (Chrono Boost)  
  158  16:28  Probe  
  158  16:29  Assimilator, Probe x2  
  158  16:30  Assimilator  
  158  16:31  Pylon  
  155  16:40  Tempest (Chrono Boost)  
  155  16:41  Probe x2  
  161  16:50  Observer x2  
  163  16:56  Pylon  
  163  17:03  Pylon  
  163  17:07  Photon Cannon  
  163  17:09  Photon Cannon  
  155  17:20  Tempest x2 (Chrono Boost)  
  163  17:34  Probe x4  
  167  17:40  High Templar  
  169  17:45  Probe  
  169  17:46  Oracle (Chrono Boost), Probe x3  
  176  17:55  Probe  
  176  17:57  Tempest (Chrono Boost)  
  182  17:58  Probe  
  182  18:02  Photon Cannon  
  182  18:08  Tempest (Chrono Boost)  
  186  18:23  Tempest (Chrono Boost)  
  194  18:34  Tempest (Chrono Boost)  
  194  18:48  Zealot  
  194  18:51  Zealot  
  197  18:56  Zealot  
  176  19:23  Zealot x4  
  176  19:24  Zealot x2  
  180  19:27  Zealot x2  
Tags
 
Add a new tag
Caveats
  • Supply blocks, unpowered buildings, or Contaminate may cause inaccurate times.
  • Supply counts are checked every 10 seconds.